 Dungeon Crawl Stone Soup version 0.30-a0-587-gfd7c166f36 (webtiles) character file.

Game seed: 3244066042803290570

58 Bnni the Vexing (level 4, -3/32 HPs)
             Began as a Formicid Hexslinger on Jan 4, 2023.
             Killed by nerve-wracking pain
             ... invoked by an orc priest
              (9 damage)
             ... on level 2 of the Dungeon.
             The game lasted 00:01:44 (1350 turns).

Bnni the Vexing (Formicid Hexslinger)               Turns: 1350, Time: 00:01:44

Health: -3/32      AC:  4    Str: 15    XL:     4   Next: 20%
Magic:  2/6        EV: 12    Int: 14    God:
Gold:   147        SH:  0    Dex: 14    Spells: 2/6 levels left

rFire   . . .      SeeInvis +    a - +1 sling
rCold   . . .      Faith    .    (no shield)
rNeg    . . .      Spirit   .    c - +0 robe
rPois   .          Reflect  .    (helmet unavailable)
rElec   .          Harm     .    (no cloak)
rCorr   .          Rampage  .    (no gloves)
Will    .....                    j - +1 pair of boots
Stlth   +                        (no amulet)
HPRegen 0.25/turn                (no ring)
MPRegen 0.10/turn                (no ring)

@: lethally poisoned (-3 -> -5)
A: permanent stasis, dig shafts and tunnels, antennae 3, four strong arms
a: Dig, Shaft Self


You were on level 2 of the Dungeon.
You visited 1 branch of the dungeon, and saw 2 of its levels.

You collected 147 gold pieces.

Inventory:

Hand Weapons
 a - a +1 sling (weapon)
Missiles
 e - 9 poisoned darts
Armour
 c - a +0 robe (worn)
 j - a +1 pair of boots (worn)
Scrolls
 b - 2 scrolls of poison
 d - a scroll of acquirement {unknown}
 g - a scroll of teleportation {unknown}
 i - a scroll of noise {unknown}
 l - a scroll of fear {unknown}
Potions
 f - a potion of flight {unknown}
 h - a potion of resistance
 k - a potion of lignification {unknown}
 m - a potion of degeneration {unknown}


   Skills:
 + Level 1.6 Fighting
 * Level 2.6 Ranged Weapons
 - Level 1.7 Dodging
 + Level 1.5 Spellcasting
 * Level 4.2 Hexes
 * Level 1.7 Fire Magic


You had 2 spell levels left.
You knew the following spells:

 Your Spells              Type           Power      Damage    Failure   Level
a - Slow                  Hex            48%        N/A       4%          1
b - Inner Flame           Hex/Fire       9%         N/A       22%         3

Your spell library contained the following spells:

 Spells                   Type           Power      Damage    Failure   Level
 Summon Small Mammal      Summ           4%         N/A       26%         1
 Portal Projectile        Hex/Tloc       14%        N/A       30%         3
 Summon Guardian Golem    Hex/Summ       7%         N/A       30%         3
 Cause Fear               Hex            6%         N/A       41%         4
 Call Canine Familiar     Summ           1%         N/A       58%         3


Dungeon Overview and Level Annotations

Branches:
Dungeon (2/15)

Altars:


Innate Abilities, Weirdness & Mutations

You cannot be hasted, slowed, berserked, paralysed or teleported.
You can dig through walls and to a lower floor.
You have a pair of large antennae on your head. (SInv)
Your four strong arms can wield two-handed weapons with a shield.


Message History

Aim: an orc, wielding a +1 hand axe of flaming, wearing a +0 leather armour and quivering stones (inner flame, 57% to hit)
You shoot a sling bullet. The sling bullet hits the adder.
The adder is heavily wounded.
You feel very sick. The adder barely misses you.
The orc priest begins to cast a cantrip, but forgets the words!
The adder closely misses you.
Fire: a) +1 sling
Press: ? - help, Shift-Dir - straight line, f/p - orc
Aim: an orc, wielding a +1 hand axe of flaming, wearing a +0 leather armour and quivering stones (inner flame, 57% to hit)
You shoot a sling bullet.
The sling bullet barely misses the adder.
The sling bullet hits the orc.
Flame seeps out of the orc.
The orc is lightly wounded.
You feel sick.
The orc priest calls down the wrath of Beogh upon you.
Beogh smites you!
* * * LOW HITPOINT WARNING * * *
The orc is engulfed in blazing flames.
The orc explodes!
The fiery explosion engulfs the adder!!
You kill the adder!
You hear a shout!
You have reached level 4!
You feel stronger.
Fire: a) +1 sling
Press: ? - help, Shift-Dir - straight line, f - orc priest
Aim: an orc priest, wielding a +0 mace (57% to hit)
You shoot a sling bullet.
The sling bullet closely misses the orc priest.
You feel sick.
Fire: a) +1 sling
Press: ? - help, Shift-Dir - straight line, f/p - orc priest
Aim: an orc priest, wielding a +0 mace (57% to hit)
You shoot a sling bullet.
The sling bullet closely misses the orc priest.
You feel sick.
The orc priest invokes the aid of Beogh against you.
Pain shoots through your body!
You die...

#.....##
####..#
#..#
######..#
#.......#
#.####.##
#.# #.#
#.# #.#
#@# #.#
##### #§#
#.#
#.....#°##
#.#
#.....§§§#
#.#
#####.#o?#
#.#.... #
#......
#....####
#....# ..


You could see an orc priest.

Vanquished Creatures
  2 adders (D:2)
  A worm (D:2)
  2 orcs (D:2)
  3 ball pythons
  A bat (D:1)
  4 endoplasms
  4 giant cockroaches (D:1)
  3 goblins (D:1)
  4 hobgoblins
  A frilled lizard (D:1)
  3 kobolds (D:1)
  5 rats
33 creatures vanquished.

Vanquished Creatures (others)
  A fungus (D:1)
  2 plants (D:1)
3 creatures vanquished.

Grand Total: 36 creatures vanquished

Notes
Turn   | Place    | Note
-------+----------+-------------------------------------------
     0 | D:1      | Bnni the Formicid Hexslinger began the quest for the Orb.
     0 | D:1      | Reached XP level 1. HP: 15/15 MP: 2/2
   128 | D:1      | Reached XP level 2. HP: 3/21 MP: 3/3
   229 | D:1      | Found a faded altar of an unknown god.
   320 | D:1      | Reached skill level 1 in Fire Magic
   651 | D:1      | Reached XP level 3. HP: 18/26 MP: 4/4
   656 | D:1      | Reached skill level 4 in Hexes
   660 | D:1      | Learned a level 3 spell: Inner Flame
  1184 | D:2      | HP: 1/26 [poisoned by an adder]
  1349 | D:2      | Reached XP level 4. HP: 7/32 MP: 2/6
  1350 | D:2      | Killed from afar by an orc priest

Illustrated notes

Levels and vault maps discovered:
D:1:      amcnicky_arrival_abandoned_market, layout_loops_ring,
          shapermc_ecumenical_altar_ellora, moated_statue
D:2:      layout_loops_ring, basic_altar, serial_aquarium,
          aquarium_bridge_long_joined [aquarium_subvault_wall,
          aquarium_subvault_wall, aquarium_subvault_wall,
          aquarium_subvault_balcony, aquarium_subvault_balcony,
          aquarium_subvault_bridge], aquarium_window_corridor_3,
          aquarium_window_fake, aquarium_view_2d, aquarium_pool_2,
          minmay_misc_feat_enclosed, minmay_misc_feat_rows,
          minmay_fractal_squares_gapless_5

Skill      XL: |  1  2  3 |
---------------+----------+-----
Fire Magic     | 1 |  1.7
Hexes          | 4 |  4.2
Fighting       | |  1.6
Ranged Weapons | |  2.6
Dodging        | |  1.7
Spellcasting   | |  1.5

Action                   |  1- 3 |  4- 6 || total
-------------------------+-------+-------++-------
 Fire: Sling             |   117 |     2 ||   119
 Cast: Slow              |     1 |       ||     1
       Inner Flame       |     1 |       ||     1
  Use: Potion            |     2 |       ||     2
Armor: Robe              |    10 |       ||    10
Dodge: Dodged            |    58 |       ||    58

Table legend: (Time is in decaauts)
 A = Elapsed time spent in this place.
 B = Non-inter-level travel time spent in this place.
 C = Inter-level travel time spent in this place.
 D = Time resting spent in this place.
 E = Time spent auto-exploring this place.
 F = Levels seen in this place.
 G = Mean time per level.
                   A        B        C        D        E       F      G
               +--------+--------+--------+--------+--------+-----+--------+
         Total |   1383 |   1285 |     98 |      0 |   1013 |   2 |  691.5 |
       Dungeon |   1383 |   1285 |     98 |      0 |   1013 |   2 |  691.5 |
               +--------+--------+--------+--------+--------+-----+--------+

Top non-repeatable levels by time:
     D:1: 1048 daAuts
     D:2: 334 daAuts
